 Dungeon Crawl Stone Soup version 0.29.1-13-g9f3cf754e1 (webtiles) character file.

Game seed: 12528492887115582203

26 KittyFluff the Trooper (level 3, -3/24 HPs)
             Began as a Gargoyle Berserker on Feb 8, 2023.
             Was a Follower of Trog.
             Slain by an iguana (9 damage)
             ... on level 3 of the Dungeon.
             The game lasted 00:07:35 (1615 turns).

KittyFluff the Trooper (Gargoyle Berserker)         Turns: 1615, Time: 00:07:35

Health: -3/24      AC:  7    Str: 20    XL:     3   Next: 8%
Magic:  3/3        EV: 11    Int:  7    God:    Trog [*.....]
Gold:   97         SH:  0    Dex: 11    Spells: 2/2 levels left

rFire   . . .      SeeInvis .   a - +0 mace
rCold   . . .      Faith    .   (no shield)
rNeg    + . .      Spirit   .   e - +0 leather armour
rPois   ∞          Reflect  .   (no helmet)
rElec   +          Harm     .   (no cloak)
rCorr   .          Rampage  .   f - +0 pair of gloves
Will    .....                   (no boots)
Stlth   +.........              (no amulet)
HPRegen 0.08/turn               (no ring)
MPRegen 0.08/turn               (no ring)

@: no status effects
A: sickness immunity, AC +3, negative energy resistance 1, electricity
resistance, torment resistance 1, petrification resistance
a: Renounce Religion, Berserk


You were on level 3 of the Dungeon.
You worshipped Trog.
Trog was aware of your devotion.
You visited 1 branch of the dungeon, and saw 3 of its levels.

You collected 97 gold pieces.

Inventory:

Hand Weapons
 a - a +0 mace (weapon)
 o - a +0 sling
Missiles
 n - 10 stones (quivered)
Armour
 d - an orb of light
 e - a +0 leather armour (worn)
 f - a +0 pair of gloves (worn)
Scrolls
 b - 2 scrolls of identify {unknown}
 c - 3 scrolls of poison {unknown}
 i - 2 scrolls of amnesia {unknown}
 m - a scroll of teleportation {unknown}
 p - a scroll of acquirement {unknown}
 q - 3 scrolls of fog {unknown}
Potions
 g - a potion of mutation {unknown}
 h - a potion of attraction {unknown}
 j - 2 potions of curing {unknown}
 k - a potion of brilliance {unknown}
 l - a potion of heal wounds {unknown}
 r - a potion of haste {unknown}
 s - 2 potions of berserk rage {unknown}


   Skills:
 + Level 3.7 Fighting
 + Level 3.4 Maces & Flails
 * Level 2.6 Armour
 + Level 1.6 Dodging


You had 2 spell levels left.
You didn't know any spells.
Your spell library was empty.

Dungeon Overview and Level Annotations

Branches:
Dungeon (3/15)

Altars:

Shops:
D:1 [[[


Innate Abilities, Weirdness & Mutations

You are immune to sickness and miasma.
Your stone body is resilient. (AC +3)
You are immune to poison.
You resist negative energy. (rN+)
You are resistant to electric shocks. (rElec)
You are resistant to unholy torment.
You are immune to petrification.


Message History

The quokka bites you but does no damage.
The quokka closely misses you.
You thump the quokka!
You kill the quokka!
Trog accepts your kill.
You closely miss the rat. The rat closely misses you.
You hit the rat.
You kill the rat!
Trog accepts your kill.
Things that are here:
a rat corpse; a quokka corpse
r - a dark potion
There is a stone staircase leading down here.
You climb downwards.
Found 2 sapphire potions.
There is a stone staircase leading up here.
s - 2 sapphire potions
Found a stone staircase leading down.
An iguana comes into view.
There is a shaft here.
You hit the iguana.
The iguana is moderately wounded.
The iguana bites you!
You hit the iguana but do no damage.
The iguana is moderately wounded.
The iguana bites you.
You hit the iguana.
The iguana is heavily wounded.
The iguana bites you but does no damage.
You thump the iguana!
The iguana is almost dead.
The iguana barely misses you. The iguana misses you.
You hit the iguana but do no damage.
The iguana is almost dead.
The iguana bites you.
* * * LOW HITPOINT WARNING * * *
You closely miss the iguana.
The iguana is almost dead.
The iguana bites you!
You die...

#..>###.###
##........
.l.....###
.......
###..#
#...^#
#.##.#
#.##l#
#.##@#
#.##.#
#.##.#
#.<..#
#..### #..#
#..# #..#
#...


You could see an iguana.

Vanquished Creatures
  A worm (D:2)
  A dart slug (D:1)
  2 ball pythons (D:1)
  A bat (D:2)
  A giant cockroach (D:2)
  3 goblins
  2 hobgoblins
  2 kobolds (D:2)
  A quokka (D:2)
  A frilled lizard (D:1)
  5 rats
20 creatures vanquished.

Vanquished Creatures (others)
  4 plants (D:2)
4 creatures vanquished.

Grand Total: 24 creatures vanquished

Notes
Turn   | Place    | Note
-------+----------+-------------------------------------------
     0 | D:1      | KittyFluff the Gargoyle Berserker began the quest for the
                  | Orb.
     0 | D:1      | Reached XP level 1. HP: 14/14 MP: 1/1
    70 | D:1      | Found Aduff's Armour Boutique.
   282 | D:1      | Reached XP level 2. HP: 18/19 MP: 2/2
   329 | D:1      | Found Nokhuzytwun's Antique Armour Emporium.
   525 | D:1      | Found Olawkiqi's Armour Shop.
  1165 | D:2      | Found a faded altar of an unknown god.
  1351 | D:2      | Reached XP level 3. HP: 23/24 MP: 3/3
  1615 | D:3      | Slain by an iguana

Illustrated notes

Levels and vault maps discovered:
D:1:      grunt_arrival_lava_bath, layout_loops_ring, serial_shops,
          nicolae_diamond_shop, shop, nicolae_shop_advertising_works
          [nicolae_subvault_shop_adworks], serial_forest,
          infiniplex_forest_clump_diagonal, infiniplex_forest_clump_small,
          infiniplex_forest_straight_3, infiniplex_forest_diagonal,
          infiniplex_forest_end_1, infiniplex_forest_straight_3,
          infiniplex_forest_end_3, infiniplex_forest_end_2,
          infiniplex_forest_lined_corner
D:2:      layout_loops_ring, dilly_ecumenical_altar_fadedgnrine,
          serial_park_tiny_pond, grunt_decor_mini_mirrors, minmay_crystal_room,
          chequers_serial_rivers_room_b, fountainhead, skrybe_limestone_x
D:3:      layout_loops_ring, uniq_crazy_yiuf_cottage, uniq_terence

Action                   || total
-------------------------++-------
Melee: Mace              ||    81
Armor: Leather armour    ||    34
       Animal skin       ||     1
Dodge: Dodged            ||    38
